General information
- name: BNet
- type: Ladder team game (AT/RT)
- host: Battle.net
- saver: DrayensApprenti
map: Cherryville
- players: 8
- length: 55:28
- speed: Fast
- version: 1.24 W3XP
- replay type: Public
» download(311 KB)
Players
team 1 (loser)

»
Hawkfury (
blue | 44 APM | 2432 actions | 55:26)
9 Blademaster
3 Wind Walk
3 Critical Strike
1 Bladestorm
2 Mirror Image
» actions
| Assign group hotkey | 46 | |
| Basic commands | 187 | |
| Build / train | 82 | |
| ESC pressed | 13 | |
| Enter build submenu | 21 | |
| Enter hero's abilities submenu | 10 | |
| Give item / drop item | 5 | |
| Remove unit from queue | 1 | |
| Right click | 1199 | |
| Select / deselect | 417 | |
| Select group hotkey | 381 | |
| Use ability | 70 | |
2432 total
» units
| Peon | 11 | |
| Wind Rider | 27 | |
| Troll Batrider | 11 | |
49 total
» upgrades
| Pillage | 0 | |
| Armor | 4 | |
| Ranged Weapons | 3 | |
| Envenomed Spears | 1 | |
| Reinforced Defenses | 1 | |
| Spiked Barricades | 3 | |
| Backpack | 1 | |
| Liquid Fire | 1 | |
14 total
» buildings
| Altar of Storms | 1 | |
| Orc Burrow | 9 | |
| War Mill | 1 | |
| Stronghold | 1 | |
| Beastiary | 2 | |
| Fortress | 1 | |
| Voodoo Lounge | 1 | |
| Great Hall | 3 | |
| Watch Tower | 2 | |
21 total
» build order
00:05 Altar of Storms
00:09 Orc Burrow
01:14 War Mill
02:19 Stronghold
03:52 Orc Burrow
04:49 Beastiary
04:57 Beastiary
05:15 Orc Burrow
05:16 Orc Burrow
05:58 Orc Burrow
07:10 Fortress
07:31 Voodoo Lounge
10:24 Orc Burrow
10:27 Orc Burrow
14:24 Orc Burrow
20:01 Great Hall
26:19 Great Hall
39:10 Orc Burrow
41:51 Watch Tower
43:25 Watch Tower
47:30 Great Hall
» items
| Healing Salve | 1 | |
| Orb of Lightning | 1 | |
| Scroll of Town Portal | 1 | |
| Scroll of Healing | 2 | |
| Circlet of Nobility | 1 | |
6 total
quendi (
green | 34 APM | 1896 actions | 55:26)
5 Warden
3 Shadow Strike
2 Fan of Knives
2 Pandaren Brewmaster
1 Breath of Fire
1 Drunken Brawler
1 Pit Lord
1 Rain of Fire
» actions
| Basic commands | 2 | |
| Build / train | 124 | |
| Enter build submenu | 44 | |
| Enter hero's abilities submenu | 13 | |
| Give item / drop item | 4 | |
| Remove unit from queue | 7 | |
| Right click | 791 | |
| Select / deselect | 797 | |
| Use ability | 113 | |
1896 total
» units
| Wisp | 24 | |
| Archer | 12 | |
| Druid of the Talon | 4 | |
| Hippogryph | 4 | |
| Goblin Shredder | 1 | |
| Huntress | 5 | |
| Druid of the Claw | 1 | |
| Dryad | 2 | |
| Chimaera | 17 | |
70 total
» upgrades
| Ultravision | 1 | |
| Hippogryph Taming | 1 | |
| Strength of the Moon | 2 | |
| Druid of the Claw Training | 1 | |
| Abolish Magic | 1 | |
| Druid of the Talon Training | 1 | |
| Strength of the Wild | 2 | |
| Nature's Blessing | 1 | |
| Reinforced Hides | 1 | |
| Moon Armor | 1 | |
| Corrosive Breath | 1 | |
13 total
» buildings
| Altar of Elders | 2 | |
| Moon Well | 9 | |
| Ancient of War | 2 | |
| Ancient of Wonders | 1 | |
| Tree of Ages | 4 | |
| Hunter's Hall | 1 | |
| Ancient of Wind | 2 | |
| Tree of Eternity | 4 | |
| Tree of Life | 7 | |
| Chimaera Roost | 3 | |
| Ancient Protector | 3 | |
| Ancient of Lore | 1 | |
39 total
» build order
00:24 Altar of Elders
00:28 Moon Well
00:35 Ancient of War
01:27 Ancient of Wonders
02:09 Moon Well
03:04 Moon Well
03:04 Moon Well
03:30 Moon Well
04:55 Tree of Ages
05:03 Hunter's Hall
07:07 Moon Well
07:23 Ancient of Wind
07:24 Tree of Eternity
08:30 Tree of Life
10:17 Chimaera Roost
12:20 Tree of Ages
12:32 Ancient Protector
13:09 Ancient Protector
13:36 Ancient of War
17:05 Ancient of Wind
17:09 Ancient of Lore
19:34 Tree of Life
19:58 Moon Well
20:01 Moon Well
20:39 Altar of Elders
22:33 Tree of Eternity
22:58 Ancient Protector
24:25 Tree of Ages
25:01 Tree of Life
26:54 Tree of Eternity
29:59 Chimaera Roost
30:09 Chimaera Roost
30:32 Tree of Life
30:51 Tree of Life
32:48 Moon Well
35:32 Tree of Ages
38:34 Tree of Eternity
49:00 Tree of Life
49:16 Tree of Life
» items
| Lesser Clarity Potion | 5 | |
| Dust of Appearance | 2 | |
| Scroll of Town Portal | 2 | |
| Staff of Teleportation | 2 | |
| Potion of Lesser Invulnerability | 1 | |
| Boots of Speed | 1 | |
| Potion of Mana | 2 | |
15 total
Creature.of.Sol (
red | 40 APM | 2191 actions | 55:26)
6 Demon Hunter
2 Mana Burn
3 Evasion
1 Metamorphosis
4 Priestess of the Moon
2 Trueshot Aura
2 Searing Arrows
» actions
| Assign group hotkey | 31 | |
| Basic commands | 404 | |
| Build / train | 91 | |
| ESC pressed | 19 | |
| Enter build submenu | 23 | |
| Enter hero's abilities submenu | 10 | |
| Right click | 479 | |
| Select / deselect | 389 | |
| Select group hotkey | 672 | |
| Use ability | 73 | |
2191 total
» units
| Wisp | 25 | |
| Archer | 2 | |
| Huntress | 3 | |
| Dryad | 10 | |
| Druid of the Talon | 7 | |
| Druid of the Claw | 4 | |
| Chimaera | 8 | |
59 total
» upgrades
| Sentinel | 1 | |
| Abolish Magic | 1 | |
| Strength of the Wild | 3 | |
| Druid of the Talon Training | 2 | |
| Reinforced Hides | 3 | |
| Nature's Blessing | 1 | |
| Well Spring | 1 | |
| Druid of the Claw Training | 2 | |
| Ultravision | 1 | |
| Mark of the Claw | 1 | |
| Mark of the Talon | 1 | |
| Corrosive Breath | 1 | |
18 total
» buildings
| Altar of Elders | 1 | |
| Moon Well | 8 | |
| Ancient of War | 1 | |
| Hunter's Hall | 1 | |
| Tree of Ages | 1 | |
| Ancient of Lore | 1 | |
| Ancient of Wind | 1 | |
| Tree of Life | 2 | |
| Tree of Eternity | 1 | |
| Ancient Protector | 5 | |
| Chimaera Roost | 1 | |
23 total
» build order
00:13 Altar of Elders
00:17 Moon Well
01:11 Ancient of War
01:20 Moon Well
02:14 Hunter's Hall
02:49 Moon Well
03:20 Tree of Ages
05:20 Moon Well
05:46 Ancient of Lore
05:53 Ancient of Wind
07:49 Tree of Life
09:13 Moon Well
10:13 Tree of Eternity
10:19 Ancient Protector
10:23 Ancient Protector
10:25 Ancient Protector
13:05 Ancient Protector
16:12 Moon Well
18:27 Moon Well
18:31 Chimaera Roost
19:43 Moon Well
22:28 Tree of Life
24:32 Ancient Protector

»
Bauer (
orange | 73 APM | 4071 actions | 55:26)
7 Demon Hunter
2 Immolation
3 Evasion
1 Mana Burn
1 Metamorphosis
7 Keeper of the Grove
3 Entangling Roots
2 Thorns Aura
1 Force of Nature
1 Tranquility
» actions
| Assign group hotkey | 41 | |
| Build / train | 127 | |
| Enter build submenu | 43 | |
| Enter hero's abilities submenu | 14 | |
| Give item / drop item | 3 | |
| Remove unit from queue | 2 | |
| Right click | 1635 | |
| Select / deselect | 513 | |
| Select group hotkey | 1543 | |
| Use ability | 150 | |
4071 total
» units
| Wisp | 38 | |
| Archer | 15 | |
| Hippogryph | 9 | |
| Chimaera | 9 | |
| Glaive Thrower | 4 | |
| Mountain Giant | 3 | |
78 total
» upgrades
| Ultravision | 1 | |
| Improved Bows | 1 | |
| Strength of the Moon | 2 | |
| Hippogryph Taming | 1 | |
| Moon Armor | 2 | |
| Marksmanship | 1 | |
| Druid of the Claw Training | 1 | |
| Strength of the Wild | 3 | |
| Corrosive Breath | 1 | |
| Vorpal Blades | 1 | |
14 total
» buildings
| Moon Well | 8 | |
| Altar of Elders | 1 | |
| Ancient of War | 1 | |
| Tree of Ages | 2 | |
| Hunter's Hall | 1 | |
| Tree of Life | 5 | |
| Ancient of Wonders | 1 | |
| Ancient of Wind | 3 | |
| Ancient of Lore | 2 | |
| Tree of Eternity | 2 | |
| Ancient Protector | 14 | |
| Chimaera Roost | 3 | |
43 total
» build order
00:07 Moon Well
00:21 Altar of Elders
00:49 Ancient of War
01:23 Moon Well
02:33 Tree of Ages
03:29 Hunter's Hall
04:16 Moon Well
04:47 Tree of Life
05:42 Ancient of Wonders
06:15 Ancient of Wind
06:19 Ancient of Wind
06:29 Ancient of Wind
07:20 Ancient of Lore
08:01 Moon Well
09:49 Tree of Eternity
10:10 Ancient Protector
10:12 Ancient Protector
10:25 Ancient Protector
10:29 Ancient Protector
13:05 Tree of Life
14:30 Tree of Life
16:08 Moon Well
18:41 Ancient Protector
18:43 Ancient Protector
19:23 Moon Well
19:26 Moon Well
19:35 Tree of Ages
19:43 Ancient Protector
20:23 Ancient Protector
21:14 Moon Well
22:14 Ancient of Lore
22:15 Tree of Eternity
22:52 Ancient Protector
24:13 Ancient Protector
24:14 Ancient Protector
25:11 Chimaera Roost
25:29 Chimaera Roost
25:31 Chimaera Roost
25:38 Ancient Protector
25:40 Ancient Protector
25:42 Ancient Protector
32:19 Tree of Life
40:22 Tree of Life
» items
| Potion of Lesser Invulnerability | 1 | |
| Potion of Healing | 1 | |
| Tome of Retraining | 1 | |
3 total
team 2 (winner)
frankter001 (
yellow | 36 APM | 1268 actions | 35:34)
4 Mountain King
2 Storm Bolt
2 Bash
3 Paladin
1 Holy Light
2 Divine Shield
» actions
| Assign group hotkey | 11 | |
| Basic commands | 4 | |
| Build / train | 65 | |
| Enter build submenu | 36 | |
| Enter hero's abilities submenu | 8 | |
| Give item / drop item | 2 | |
| Right click | 698 | |
| Select / deselect | 361 | |
| Select group hotkey | 23 | |
| Use ability | 60 | |
1268 total
» units
| Peasant | 30 | |
| Footman | 7 | |
| Knight | 5 | |
| Siege Engine | 2 | |
44 total
» upgrades
» buildings
| Altar of Kings | 2 | |
| Farm | 11 | |
| Barracks | 2 | |
| Lumber Mill | 1 | |
| Scout Tower | 4 | |
| Guard Tower | 4 | |
| Keep | 1 | |
| Arcane Vault | 1 | |
| Castle | 1 | |
| Blacksmith | 1 | |
| Workshop | 3 | |
| Town Hall | 2 | |
33 total
» build order
00:22 Altar of Kings
00:41 Farm
00:53 Barracks
01:06 Farm
01:43 Farm
01:51 Lumber Mill
02:01 Scout Tower
02:29 Farm
02:52 Guard Tower
03:53 Barracks
03:55 Keep
04:02 Farm
04:06 Scout Tower
04:40 Guard Tower
04:43 Farm
04:50 Scout Tower
04:58 Arcane Vault
05:19 Guard Tower
05:30 Scout Tower
05:53 Farm
06:19 Guard Tower
07:13 Castle
07:47 Blacksmith
08:47 Farm
10:48 Farm
15:05 Workshop
16:28 Workshop
16:35 Workshop
20:31 Town Hall
27:39 Town Hall
30:47 Farm
34:17 Farm
35:01 Altar of Kings
» items
| Scroll of Regeneration | 1 | |
| Lesser Clarity Potion | 1 | |
| Scroll of Town Portal | 1 | |
3 total

»
nothingworks (
purple | 29 APM | 1313 actions | 45:05)
6 Warden
3 Fan of Knives
2 Blink
1 Spirit of Vengeance
» actions
| Basic commands | 3 | |
| Build / train | 86 | |
| Enter build submenu | 37 | |
| Enter hero's abilities submenu | 6 | |
| Give item / drop item | 1 | |
| Remove unit from queue | 6 | |
| Right click | 608 | |
| Select / deselect | 457 | |
| Use ability | 109 | |
1313 total
» units
| Wisp | 37 | |
| Archer | 10 | |
| Hippogryph | 9 | |
| Chimaera | 1 | |
57 total
» upgrades
| Strength of the Wild | 2 | |
| Reinforced Hides | 2 | |
4 total
» buildings
| Moon Well | 12 | |
| Altar of Elders | 4 | |
| Ancient of War | 1 | |
| Hunter's Hall | 2 | |
| Tree of Ages | 2 | |
| Tree of Life | 5 | |
| Ancient of Wonders | 2 | |
| Tree of Eternity | 1 | |
| Ancient of Wind | 1 | |
| Chimaera Roost | 2 | |
| Ancient Protector | 3 | |
| Ancient of Lore | 2 | |
37 total
» build order
00:48 Moon Well
00:52 Altar of Elders
01:23 Ancient of War
01:28 Moon Well
03:16 Moon Well
04:19 Moon Well
04:34 Hunter's Hall
04:46 Tree of Ages
05:30 Moon Well
06:05 Tree of Life
06:23 Ancient of Wonders
06:33 Moon Well
07:44 Tree of Eternity
07:47 Moon Well
07:50 Ancient of Wind
08:42 Moon Well
13:45 Chimaera Roost
13:47 Chimaera Roost
14:13 Tree of Life
17:23 Altar of Elders
18:22 Altar of Elders
20:32 Altar of Elders
21:40 Moon Well
21:45 Tree of Life
27:12 Hunter's Hall
27:14 Ancient of Wonders
27:57 Tree of Ages
28:02 Moon Well
28:54 Ancient Protector
28:58 Ancient Protector
29:01 Ancient Protector
29:06 Moon Well
30:17 Moon Well
30:27 Ancient of Lore
30:30 Ancient of Lore
32:42 Tree of Life
35:04 Tree of Life
» items
| Potion of Healing | 5 | |
| Scroll of Town Portal | 1 | |
| Orb of Venom | 1 | |
| Orb of Fire | 2 | |
| Potion of Mana | 2 | |
11 total
DrayensApprenti (
pink | 47 APM | 2611 actions | 55:27)
5 Paladin
3 Holy Light
2 Divine Shield
» actions
| Assign group hotkey | 17 | |
| Basic commands | 1 | |
| Build / train | 127 | |
| Enter build submenu | 38 | |
| Enter hero's abilities submenu | 5 | |
| Give item / drop item | 3 | |
| Right click | 924 | |
| Select / deselect | 284 | |
| Select group hotkey | 942 | |
| Use ability | 270 | |
2611 total
» units
| Peasant | 29 | |
| Goblin Shredder | 1 | |
30 total
» upgrades
| Masonry | 3 | |
| Lumber Harvesting | 2 | |
| Magic Sentry | 1 | |
6 total
» buildings
| Farm | 4 | |
| Altar of Kings | 1 | |
| Scout Tower | 146 | |
| Arcane Tower | 3 | |
| Lumber Mill | 2 | |
| Guard Tower | 58 | |
| Keep | 3 | |
| Town Hall | 1 | |
| Castle | 1 | |
| Arcane Sanctum | 1 | |
| Arcane Vault | 3 | |
| Moon Well | 1 | |
| Tree of Life | 1 | |
225 total
» build order
00:06 Farm
00:21 Altar of Kings
00:46 Scout Tower
01:17 Arcane Tower
01:20 Farm
01:31 Lumber Mill
01:36 Scout Tower
01:57 Farm
02:05 Arcane Tower
02:27 Scout Tower
02:52 Scout Tower
02:53 Scout Tower
03:07 Guard Tower
03:21 Farm
03:25 Guard Tower
03:56 Keep
03:56 Keep
04:32 Scout Tower
04:34 Scout Tower
04:37 Guard Tower
05:07 Guard Tower
05:49 Town Hall
05:52 Scout Tower
05:52 Scout Tower
05:53 Scout Tower
05:54 Scout Tower
05:55 Scout Tower
05:55 Scout Tower
05:56 Scout Tower
06:24 Guard Tower
06:26 Guard Tower
06:27 Guard Tower
06:38 Guard Tower
07:06 Scout Tower
07:30 Guard Tower
07:33 Arcane Tower
07:37 Guard Tower
08:25 Scout Tower
08:26 Scout Tower
08:27 Scout Tower
08:27 Scout Tower
09:03 Guard Tower
09:09 Castle
09:30 Guard Tower
09:31 Scout Tower
09:32 Scout Tower
09:32 Scout Tower
09:33 Scout Tower
09:35 Scout Tower
09:36 Scout Tower
09:36 Scout Tower
09:36 Scout Tower
09:37 Scout Tower
09:38 Scout Tower
09:40 Scout Tower
09:41 Scout Tower
09:41 Scout Tower
09:43 Scout Tower
09:44 Scout Tower
09:44 Scout Tower
09:44 Scout Tower
09:45 Scout Tower
09:45 Scout Tower
09:46 Scout Tower
09:46 Scout Tower
09:53 Lumber Mill
10:09 Guard Tower
10:19 Guard Tower
10:20 Guard Tower
10:23 Guard Tower
10:33 Guard Tower
10:48 Guard Tower
11:12 Guard Tower
11:16 Scout Tower
11:18 Scout Tower
11:18 Scout Tower
11:19 Scout Tower
12:21 Guard Tower
12:27 Guard Tower
12:34 Guard Tower
12:49 Scout Tower
12:50 Scout Tower
12:51 Scout Tower
12:52 Scout Tower
12:53 Scout Tower
12:54 Scout Tower
12:54 Scout Tower
12:55 Scout Tower
12:56 Scout Tower
12:58 Scout Tower
12:59 Scout Tower
12:59 Scout Tower
13:00 Scout Tower
13:00 Scout Tower
13:26 Guard Tower
13:26 Guard Tower
13:28 Guard Tower
13:53 Guard Tower
13:59 Scout Tower
14:00 Scout Tower
14:01 Scout Tower
14:02 Scout Tower
14:03 Scout Tower
14:04 Scout Tower
14:07 Scout Tower
14:07 Scout Tower
14:09 Scout Tower
14:09 Scout Tower
14:10 Scout Tower
14:10 Scout Tower
14:34 Guard Tower
14:37 Guard Tower
15:24 Guard Tower
15:25 Guard Tower
15:53 Scout Tower
15:54 Scout Tower
15:55 Scout Tower
15:56 Scout Tower
15:56 Scout Tower
15:57 Scout Tower
15:58 Scout Tower
15:58 Scout Tower
15:59 Scout Tower
15:59 Scout Tower
16:00 Scout Tower
16:01 Scout Tower
16:01 Scout Tower
16:02 Scout Tower
16:02 Scout Tower
16:02 Scout Tower
16:03 Scout Tower
16:04 Scout Tower
16:04 Scout Tower
16:04 Scout Tower
16:05 Scout Tower
16:05 Scout Tower
16:05 Scout Tower
16:06 Scout Tower
16:06 Scout Tower
16:07 Scout Tower
16:07 Scout Tower
16:30 Guard Tower
16:35 Scout Tower
16:36 Scout Tower
16:38 Scout Tower
16:38 Scout Tower
16:38 Scout Tower
16:40 Scout Tower
16:40 Scout Tower
16:41 Scout Tower
16:42 Scout Tower
16:43 Scout Tower
16:43 Scout Tower
16:44 Scout Tower
16:44 Scout Tower
16:44 Scout Tower
16:58 Guard Tower
16:59 Guard Tower
17:08 Guard Tower
17:30 Guard Tower
17:39 Guard Tower
17:54 Guard Tower
18:01 Guard Tower
18:08 Guard Tower
18:39 Guard Tower
19:06 Guard Tower
19:34 Arcane Sanctum
19:49 Scout Tower
19:49 Scout Tower
19:50 Scout Tower
19:50 Scout Tower
19:52 Scout Tower
19:52 Scout Tower
19:54 Scout Tower
19:54 Scout Tower
19:55 Scout Tower
19:55 Scout Tower
19:56 Scout Tower
19:56 Scout Tower
19:57 Scout Tower
19:57 Scout Tower
19:58 Scout Tower
19:58 Scout Tower
19:59 Scout Tower
19:59 Scout Tower
19:59 Scout Tower
20:04 Scout Tower
20:05 Scout Tower
20:06 Scout Tower
20:09 Scout Tower
20:10 Scout Tower
20:11 Scout Tower
20:11 Scout Tower
20:11 Scout Tower
20:30 Guard Tower
20:33 Guard Tower
20:37 Guard Tower
20:46 Scout Tower
20:46 Scout Tower
20:48 Scout Tower
20:49 Scout Tower
20:57 Guard Tower
21:09 Guard Tower
21:19 Guard Tower
21:56 Guard Tower
21:57 Guard Tower
22:24 Guard Tower
22:28 Guard Tower
22:31 Guard Tower
23:30 Arcane Vault
23:57 Guard Tower
32:12 Arcane Vault
33:44 Arcane Vault
45:17 Moon Well
49:12 Tree of Life
» items
| Staff of Teleportation | 1 | |
| Potion of Lesser Invulnerability | 3 | |
| Potion of Invisibility | 4 | |
| Orb of Fire | 1 | |
| Potion of Mana | 10 | |
| Lesser Clarity Potion | 1 | |
20 total
P0wka (
teal | 26 APM | 1110 actions | 42:29)
3 Far Seer
2 Feral Spirit
1 Chain Lighting
» actions
| Basic commands | 7 | |
| Build / train | 71 | |
| Enter build submenu | 18 | |
| Enter hero's abilities submenu | 2 | |
| Remove unit from queue | 2 | |
| Right click | 632 | |
| Select / deselect | 348 | |
| Use ability | 30 | |
1110 total
» units
| Peon | 10 | |
| Grunt | 1 | |
| Troll Batrider | 48 | |
59 total
» upgrades
| Ranged Weapons | 2 | |
| Liquid Fire | 1 | |
| Armor | 1 | |
4 total
» buildings
| Altar of Storms | 1 | |
| Orc Burrow | 5 | |
| Barracks | 1 | |
| War Mill | 1 | |
| Stronghold | 1 | |
| Voodoo Lounge | 1 | |
| Watch Tower | 1 | |
| Beastiary | 2 | |
| Fortress | 1 | |
| Scout Tower | 2 | |
16 total
» build order
00:09 Altar of Storms
00:11 Orc Burrow
00:55 Barracks
01:30 Orc Burrow
01:57 Orc Burrow
02:34 War Mill
03:02 Stronghold
03:34 Voodoo Lounge
03:42 Orc Burrow
04:02 Orc Burrow
05:00 Watch Tower
05:31 Beastiary
05:40 Beastiary
06:36 Fortress
40:29 Scout Tower
40:35 Scout Tower
Chat log
(00:15 / Allies) P0wka: heya
(00:23 / Allies) frankter001: hey
(00:38 / All) DrayensApprenti: it is I, the legendary god of 4v4rt, hello creature.ofsol again
(01:04 / Allies) P0wka: ill mass bat
(01:35 / Allies) frankter001: purp u getting chims?
(02:11 / All) DrayensApprenti: speak to me creature of sol
(02:18 / All) DrayensApprenti: do not encur my wrath
(02:31 / All) Creature.of.Sol: chill matha facka. i just smoked some and can't handle this
(02:36 / All) Creature.of.Sol: chillllll
(04:11 / Allies) frankter001: what're the rest of u getting?
(04:15 / Allies) P0wka: bats
(04:24 / Allies) DrayensApprenti: teal can u put two towers there
(04:35 / Allies) frankter001: pink what're u getting
(04:42 / Allies) DrayensApprenti: expos towers and griffs
(06:00 / Allies) DrayensApprenti: teal come to me
(06:03 / Allies) DrayensApprenti: protect my expo
(06:10 / Allies) P0wka: roger that
(06:11 / Allies) frankter001: purp what're u getting/
(06:20 / Allies) DrayensApprenti: wood plz
(08:48 / Allies) P0wka: ill go there
(10:19 / Allies) nothingworks: pink r u gonna get units lol
(10:55 / Allies) frankter001: air
(10:56 / Allies) P0wka: wow im raping tem
(11:34 / Allies) frankter001: i need air
(12:26 / Allies) frankter001: wtf
(13:06 / Allies) frankter001: hey no thanks pink
(13:20 / Allies) frankter001: wtf seriously
(13:48 / Allies) P0wka: i killed 2 main base
(13:55 / Allies) P0wka: ill check for expos
(13:56 / Allies) frankter001: yeah but pink has no units
(13:58 / Allies) nothingworks: yea they can still get shit tho
(14:05 / Allies) P0wka: i know
(14:26 / Allies) frankter001: can u clear this?
(14:47 / Allies) P0wka: omg
(15:14 / Allies) P0wka: i bomb them ?
(15:15 / Allies) frankter001: wow
(15:45 / Allies) nothingworks: aa
(16:14 / Allies) nothingworks: pink r u fucking serious
(16:27 / All) DrayensApprenti: "pink r u fing serious" - purple
(16:38 / All) Creature.of.Sol: lols
(16:47 / All) Creature.of.Sol: he's right though
(17:34 / Allies) frankter001: teal clear this for me please
(18:19 / Allies) nothingworks: NO!
(18:23 / Allies) P0wka: i dont have units for it
(18:26 / All) DrayensApprenti: you are safe teal
(18:43 / Allies) P0wka: lol yeah
(19:28 / Allies) P0wka: thats gonna be funny
(20:10 / Allies) frankter001: teal cash for my building?
(20:22 / Allies) frankter001: and wood
(21:11 / Allies) frankter001: this is so stupid
(21:30 / All) DrayensApprenti: this is 4v4rt yellow, ur always gonna get a jackass like me in game
(21:37 / Allies) DrayensApprenti: wood
(21:38 / Allies) DrayensApprenti: plz
(21:45 / All) Creature.of.Sol: and you're supposed to be the best
(22:00 / All) Creature.of.Sol: "#1" or some shit
(22:10 / Allies) P0wka: we cant win this lol
(22:25 / Allies) nothingworks: teal take out there expos
(22:30 / Allies) nothingworks: if pink wants to get units we cud
(22:45 / Allies) frankter001: like grphys yeah
(22:51 / Allies) nothingworks: like tanks
(23:39 / Allies) nothingworks: 200 gold for hero
(23:57 / All) Bauer: gg
(24:43 / All) quendi: shits getting old
(26:21 / All) DrayensApprenti: i could easily win this if i wanted to, forgot to get farms but im too lazy to get them now
(26:33 / All) Hawkfury: too lazy to win ?
(26:33 / All) Creature.of.Sol: oh how about you just win
(26:36 / Allies) nothingworks: just build em lol
(26:37 / All) Creature.of.Sol: too lazy to win?
(26:41 / All) Creature.of.Sol: you're fuckin gay, man
(26:44 / All) DrayensApprenti: i want to see you guys lose to towers
(26:45 / All) Creature.of.Sol: just gay
(26:51 / All) Creature.of.Sol: k, win
(27:29 / All) Bauer: gg pussy
(28:09 / Allies) frankter001: teal
(28:13 / Allies) P0wka: ok
(28:24 / All) DrayensApprenti: why areyou running from one warden
(28:38 / All) Creature.of.Sol: because you're a pussy and run back to towers
(29:09 / All) quendi: so hit
(29:35 / All) Bauer: one by one will down
(30:15 / Allies) frankter001: admitedly this is kind've fun
(30:54 / All) DrayensApprenti: im throoughly impressed
(30:58 / All) DrayensApprenti: you guys are quite awesome
(31:31 / Allies) nothingworks: fuk
(31:42 / All) Bauer: losing time
(33:04 / All) DrayensApprenti: even when i dont get units i make you guys look awful
(33:13 / All) Bauer: cool
(33:19 / All) Bauer: but who lose?
(33:21 / All) Creature.of.Sol: actually we're plapying this smart
(33:26 / All) Creature.of.Sol: you'd rather us rush the towers
(33:39 / All) DrayensApprenti: and its too bad 24 is going off the air
(34:19 / Allies) P0wka: wolf duel
(34:26 / Allies) P0wka: Bets on
(34:32 / Allies) P0wka: again ?
(34:41 / All) Bauer: ridiculous
(34:43 / All) DrayensApprenti: i take left one
(34:49 / Allies) P0wka: i got right
(34:52 / All) DrayensApprenti: wolf duel
(35:05 / Allies) P0wka: YAY
(35:12 / Allies) P0wka: Thx
(35:37 / All) DrayensApprenti: you still haven't killed that tower
(37:32 / Allies) P0wka: do you think they can run out of ressource
(37:33 / Allies) P0wka: ?
(37:36 / Allies) P0wka: and we win
(38:00 / All) DrayensApprenti: no...
(38:09 / All) DrayensApprenti: they have like 10 mines
(38:17 / Allies) P0wka: true
(38:19 / All) Bauer: idiot
(39:39 / All) Creature.of.Sol: number 1 player in the game...
(39:42 / All) Creature.of.Sol: masses towers
(39:56 / All) DrayensApprenti: mana
(39:57 / All) DrayensApprenti: pruple
(40:13 / All) Bauer: no way fr u
(40:16 / All) Bauer: weak
(41:44 / All) DrayensApprenti: orange wheres ur keeper i want level 5
(42:09 / Allies) P0wka: c ya
(43:07 / All) DrayensApprenti: l
(44:41 / All) Creature.of.Sol: pathetic
(44:55 / All) Hawkfury: dead
(44:57 / All) Bauer: HAAAAAAAAAAAAAAAAAAAAAAAAUHAHUUHA
(45:19 / All) Bauer: sux
(45:59 / All) Bauer: noob pathetic
(47:06 / All) DrayensApprenti: round 30 fellows
(47:15 / All) Bauer: loser
(47:19 / All) Creature.of.Sol: lol you're gay
(47:42 / All) DrayensApprenti: you still wont get my paladin before you kill my last building
(47:49 / All) DrayensApprenti: another victory for me
(47:49 / All) Creature.of.Sol: lol you're gay
(48:27 / All) Creature.of.Sol: 17k lumber
(48:55 / All) DrayensApprenti: " ha ha" - nelson
(49:16 / All) Bauer: the ancient atack
(49:21 / All) Bauer: will rape u
(50:23 / All) DrayensApprenti: definitely uploading this replay, showing it all to my friends, then we'll laugh at you while we drink red wine in our lemo
(50:36 / All) Bauer: yeah they will see
(50:38 / All) Creature.of.Sol: wow you are gay!!
(50:40 / All) Creature.of.Sol: haha
(50:45 / All) Creature.of.Sol: i was only kidding
(50:48 / All) Bauer: and a idiot kid
(50:48 / All) Creature.of.Sol: but you really sound gay now
(50:50 / All) Bauer: with small penis
(50:51 / All) quendi: b4 or after the gay butsex?
(50:52 / All) DrayensApprenti: i am gay
(51:01 / All) Creature.of.Sol: disgusting
(51:04 / All) Creature.of.Sol: you're the worst kind of being
(51:14 / All) DrayensApprenti: you guys have to realize, i didn't even try remotely, not even the slightest bit, this is hilarious
(51:21 / All) DrayensApprenti: a 10 min game turned into an hour long one
(51:23 / All) Creature.of.Sol: i know
(51:26 / All) Creature.of.Sol: we're laughing at you
(51:37 / All) Creature.of.Sol: tghat's like saying, "you guys have to realize that i'm gay! this is hilarious"
(51:42 / All) Creature.of.Sol: and we're all laughing at you actually
(51:44 / All) quendi: we did pretty bad
(51:55 / All) quendi: but u still lost '
(51:56 / All) Bauer: LOSER
(52:00 / All) Creature.of.Sol: the only way to do this quickly is with hawks
(52:04 / All) Creature.of.Sol: we don't have em
(52:06 / All) Creature.of.Sol: so it takes a while
(52:12 / All) quendi: lets make him leave
(52:22 / All) quendi: lol dont kill him
(52:27 / All) quendi: longest game ever
(53:04 / All) Creature.of.Sol: 22k lumber
(53:08 / All) Bauer: LOSER
(53:10 / All) Bauer: GAY
(53:23 / All) DrayensApprenti: so gg?
(53:30 / All) Hawkfury: no
(53:36 / All) Hawkfury: gg for us
(53:38 / All) Creature.of.Sol: fag
(53:39 / All) DrayensApprenti: now we play the tree hiding game
(53:39 / All) Hawkfury: not 4 u
(53:50 / All) Bauer: GAY
(54:54 / All) DrayensApprenti: wait sorry guys
(54:58 / All) DrayensApprenti: we play the pause game next
(55:24 / All) Hawkfury: get a life